 Dungeon Crawl Stone Soup version 0.23.2-30-g0e89c35649 (webtiles) character file.

Game seed: 12192002868798989930

71 HASTUR3 the Sneak (level 4, 30/30 HPs)
             Began as a Vampire Ice Elementalist on June 16, 2019.
             Quit the game on level 3 of the Dungeon.
             The game lasted 00:10:19 (1844 turns).

HASTUR3 the Sneak (Vampire Ice Elementalist)        Turns: 1844, Time: 00:10:20

Health: 30/30      AC:  2    Str:  7    XL:     4   Next: 5%
Magic:  7/7        EV: 13    Int: 17    God:
Gold:   165        SH:  0    Dex: 15    Spells: 1/7 levels left

rFire    . . .     SeeInvis +   i - +0 dagger
rCold    + + .     Gourm    .   (no shield)
rNeg     + + +     Faith    .   a - +0 robe
rPois    ∞         Spirit   .   (no helmet)
rElec    .         Reflect  .   (no cloak)
rCorr    .         Harm     .   (no gloves)
MR       .....                  (no boots)
Stlth    +++++.....             (no amulet)
HPRegen  0.00/turn              (no ring)
MPRegen  0.10/turn              (no ring)

@: bloodless, non-regenerating
A: fangs 3, see invisible, unbreathing
a: Bat Form


You were on level 3 of the Dungeon.
You were bloodless.

You visited 1 branch of the dungeon, and saw 3 of its levels.

You collected 165 gold pieces.

Inventory:

Hand Weapons
 i - a +0 dagger (weapon)
Armour
 a - a +0 robe (worn)
Magical Staves
 f - an uncursed staff of energy
Wands
 h - a wand of acid (7)
Scrolls
 d - 3 scrolls of noise
 e - 7 scrolls of identify
 g - 2 scrolls of remove curse
 o - 3 scrolls of immolation {unknown}
Potions
 b - a potion of heal wounds
 c - 15 potions of blood
 j - a potion of flight {unknown}
 k - 2 potions of degeneration {unknown}
 l - a potion of brilliance {unknown}
 m - 2 potions of curing {unknown}
 n - a potion of haste {unknown}


   Skills:
 + Level 1.0 Short Blades
 - Level 2.1 Dodging
 - Level 5.1 Stealth
 - Level 2.0 Spellcasting
 - Level 0.6 Conjurations
 + Level 0.9 Charms
 - Level 3.7 Ice Magic


You had one spell level left.
You knew the following spells:

 Your Spells              Type           Power        Failure   Level  Hunger
a - Freeze                Ice            ##..         4%          1    #......
b - Throw Frost           Conj/Ice       #.....       12%         2    ###....
c - Ozocubu's Armour      Chrm/Ice       #.......     22%         3    ###....

Your spell library contained the following spells:

 Spells                   Type           Power        Failure   Level  Hunger
 Throw Icicle             Conj/Ice       #.......     61%         4    #####..
 Summon Ice Beast         Ice/Summ       #.......     65%         4    #####..


Dungeon Overview and Level Annotations

Branches:
Dungeon (3/15)

Altars:
Makhleb


Innate Abilities, Weirdness & Mutations

You do not heal naturally.
You are immune to poison.
You have razor-sharp teeth.
You have supernaturally acute eyesight. (SInv)
You can survive without breathing.


Message History

Found a scroll of identify.
The helpless ooze fails to defend itself.
You impale the ooze!!
You kill the ooze!
Your Short Blades skill increases to level 1!
You have reached level 4!
You now have 165 gold pieces (gained 8).
You see here a club.
e - 7 scrolls of identify (gained 1)
A hobgoblin comes into view. It is wielding a +0 club.
The helpless hobgoblin fails to defend itself.
You bite the hobgoblin, and draw its blood!
You feel slightly less thirsty.
You impale the hobgoblin!!
You kill the hobgoblin!
Found a scroll labeled NOGIAL ALOZE.
You see here a +0 club.
A kobold comes into view. It is wielding a +0 dagger.
Quiver which item? (- for none, * to show all) (? for menu, Esc to quit)
Okay, then.
Are you sure you want to abandon this character and quit the game? (Confirm with "yes".)

#.. ####....#.#.#
#.. #....#..# #
#.#.)...# #.#..#.##
##+########.#..#...
#.........).#..#####
#...........#..#
#..?...........#
........@..###....#
...........# ###.##
K...#######...# ...
... .#.# ##. #. .# #
# # .#


There were no monsters in sight!

Vanquished Creatures
  An adder (D:2)
  An ooze (D:3)
  A worm (D:2)
  A dart slug (D:1)
  2 ball pythons (D:2)
  A bat (D:2)
  A giant cockroach (D:1)
  9 goblins
  8 hobgoblins
  4 jackals (D:1)
  6 kobolds
  2 quokkas
  3 frilled lizards
  5 rats (D:1)
45 creatures vanquished.

Notes
Turn   | Place    | Note
-------+----------+-------------------------------------------
     0 | D:1      | HASTUR3 the Vampire Ice Elementalist began the quest for
                  | the Orb.
     0 | D:1      | Reached XP level 1. HP: 13/13 MP: 3/3
    58 | D:1      | Reached skill level 4 in Stealth
    97 | D:1      | Reached XP level 2. HP: 18/19 MP: 3/5
   108 | D:1      | Learned a level 2 spell: Throw Frost
   317 | D:1      | Reached skill level 5 in Stealth
   566 | D:1      | Reached XP level 3. HP: 21/24 MP: 3/6
   772 | D:2      | Found a burning altar of Makhleb.
  1257 | D:2      | Learned a level 3 spell: Ozocubu's Armour
  1819 | D:3      | Reached skill level 1 in Short Blades
  1819 | D:3      | Reached XP level 4. HP: 30/30 MP: 7/7
  1844 | D:3      | Quit the game

Skill      XL: |  1  2  3 |
---------------+----------+-----
Stealth        | 4 5 |  5.1
Short Blades   | 1 |  1.0
Dodging        | |  2.1
Spellcasting   | |  2.0
Conjurations   | |  0.6
Charms         | |  0.9
Ice Magic      | |  3.7

Action                   |  1- 3 |  4- 6 || total
-------------------------+-------+-------++-------
Melee: Unarmed           |    23 |       ||    23
       Bite              |     4 |       ||     4
       Dagger            |    10 |     1 ||    11
       Staff             |     3 |       ||     3
 Cast: Freeze            |    53 |       ||    53
       Throw Frost       |     5 |       ||     5
  Use: Scroll            |     8 |       ||     8
 Stab: Sleeping          |     6 |     1 ||     7
       Distracted        |     1 |       ||     1
Armor: Robe              |    11 |       ||    11
Dodge: Dodged            |    31 |       ||    31
